 Seeded DCSS version 0.27.1-33-g824d729ab1 (webtiles) character file.

Game seed: 12500786641603523225 (custom seed)

23861 croobank the Nimble (level 13, -5/104 HPs)
             Began as a Gnoll Monk on Dec 5, 2021.
             Was the Champion of Okawaru.
             Slain by a bunyip (16 damage)
             ... on level 3 of the Lair of Beasts.
             The game lasted 01:57:52 (16061 turns).

croobank the Nimble (Gnoll Monk)                   Turns: 16061, Time: 01:57:52

Health: -5/104     AC: 29    Str: 14    XL:     13   Next: 9%
Magic:  0/25       EV:  7    Int: 14    God:    Okawaru [******]
Gold:   207        SH:  0    Dex: 14    Spells: 23/28 levels left

rFire    + . .     SeeInvis .   S - +3 quarterstaff (spect)
rCold    + + +     Faith    .   (shield currently unavailable)
rNeg     + . .     Spirit   +   H - +8 plate armour {rC+}
rPois    +         Reflect  .   z - +0 helmet
rElec    .         Harm     .   I - scarf {rC+ rF+}
rCorr    .         Rampage  .   p - +2 pair of gloves
Will     .....                  E - +2 pair of boots
Stlth    ..........             e - amulet of guardian spirit
HPRegen  0.27/turn              Z - ring of protection from cold
MPRegen  0.19/turn              Q - ring of Jipnipt {+Blink rPois rN+ Str+2}

@: no status effects
A: fangs 1, strong nose, distributed training
a: Renounce Religion, Evoke Blink, Heroism, Finesse


You were on level 3 of the Lair of Beasts.
You worshipped Okawaru.
Okawaru was exalted by your worship.
You visited 3 branches of the dungeon, and saw 13 of its levels.
You also visited: Sewer.

You collected 673 gold pieces.
You spent 466 gold pieces at shops.

Inventory:

Hand Weapons
 a - a +0 falchion
 b - a +2 hunting sling of flaming
 y - a +4 hand axe of pain
 B - a +2 dagger of electrocution
 K - a +1 dagger of speed
 M - a +0 hand crossbow
 N - a +2 short sword of speed
 S - a +3 spectral quarterstaff (weapon)
Missiles
 f - 149 bolts
 h - 353 stones (quivered)
 j - 126 sling bullets
 o - 88 poisoned darts
Armour
 c - the +5 leather armour "Tuprips" {Fly rC- Regen+}
   (You found it on level 3 of the Lair of Beasts)

   rC:        It makes you vulnerable to cold.
   Fly:       It grants you flight.
   Regen:     It increases your rate of health regeneration.
 k - a +1 ring mail of fire resistance
 p - a +2 pair of gloves (worn)
 r - a +0 buckler
 z - a +0 helmet (worn)
 A - a +0 plate armour
 E - a +2 pair of boots (worn)
 H - a +8 plate armour of cold resistance (worn)
 I - a scarf of resistance (worn)
Jewellery
 e - an amulet of guardian spirit (around neck)
 i - a +6 ring of dexterity
 l - a ring of fire
 s - a +4 ring of protection
 x - a ring of positive energy
 Q - the ring of Jipnipt (right hand) {+Blink rPois rN+ Str+2}
   (You bought it in a shop on level 8 of the Dungeon)

   [ring of poison resistance]

   Str:       It affects your strength (+2).
   rPois:     It protects you from poison.
   rN:        It protects you from negative energy.
   +Blink:    It lets you blink.
 U - a ring of magical power
 V - a ring of wizardry
 Z - a ring of protection from cold (left hand)
Wands
 m - a wand of paralysis (13)
 W - a wand of iceblast (6)
 X - a wand of digging (3)
 Y - a wand of charming (8)
Scrolls
 g - 10 scrolls of teleportation {teleportation}
 q - 10 scrolls of identify {identify, unknown}
 u - 2 scrolls of blinking {blink}
 w - a scroll of immolation {immolation}
 C - a scroll of holy word {holy word, unknown}
 F - 2 scrolls of fear {fear, unknown}
 G - 5 scrolls of magic mapping {magic mapping, unknown}
 T - a scroll of brand weapon {brand weapon, unknown}
Potions
 d - a potion of might {might}
 t - a potion of ambrosia {ambrosia, unknown}
 v - 2 potions of brilliance {brilliance, unknown}
 D - 7 potions of curing {curing}
 L - 2 potions of haste {haste, unknown}
 O - 2 potions of invisibility {invisibility, unknown}
 P - 2 potions of resistance {resistance, unknown}
 R - 3 potions of cancellation {cancellation, unknown}
Miscellaneous
 J - a condenser vane


   Skills:
 + Level 10.6 Fighting
 + Level 8.4 Short Blades
 + Level 10.6 Long Blades
 + Level 8.4 Axes
 + Level 8.4 Maces & Flails
 + Level 8.4 Polearms
 + Level 8.4 Staves
 + Level 8.4 Slings
 + Level 8.4 Bows
 + Level 8.4 Crossbows
 + Level 8.4 Throwing
 + Level 8.4 Armour
 + Level 10.6 Dodging
 + Level 9.4 Stealth
 + Level 8.4 Shields
 + Level 8.4 Unarmed Combat
 + Level 8.4 Spellcasting
 + Level 7.0 Conjurations
 + Level 7.0 Hexes
 + Level 7.0 Summonings
 + Level 7.0 Necromancy
 + Level 7.0 Translocations
 + Level 7.0 Transmutations
 + Level 7.0 Fire Magic
 + Level 7.0 Ice Magic
 + Level 7.0 Air Magic
 + Level 7.0 Earth Magic
 + Level 7.0 Poison Magic
 + Level 9.2 Invocations
 + Level 8.4 Evocations


You had 23 spell levels left.
You knew the following spells:

 Your Spells              Type           Power      Damage    Failure   Level
a - Freezing Cloud        Conj/Ice/Air   12%        6-21      100%        5

Your spell library contained the following spells:

 Spells                   Type           Power      Damage    Failure   Level
 Pain                     Necr           100%       1d9       36%         1
 Blink                    Tloc           N/A        N/A       50%         2
 Corpse Rot               Necr/Air       N/A        N/A       50%         2
 Passwall                 Tmut/Erth      20%        N/A       50%         2
 Poisonous Vapours        Pois/Air       50%        N/A       50%         2
 Gell's Gravitas          Tloc           12%        N/A       75%         3
 Inner Flame              Hex/Fire       25%        N/A       75%         3
 Lesser Beckoning         Tloc           12%        N/A       75%         3
 Swiftness                Air            25%        N/A       75%         3
 Teleport Other           Tloc           25%        N/A       75%         3
 Tukima's Dance           Hex            25%        N/A       75%         3
 Cause Fear               Hex            12%        N/A       98%         4
 Leda's Liquefaction      Hex/Erth       12%        N/A       98%         4
 Passage of Golubria      Tloc           N/A        N/A       98%         4
 Agony                    Necr           25%        N/A       100%        5
 Bolt of Magma            Conj/Fire/Erth 12%        4d8       100%        5
 Excruciating Wounds      Necr           12%        N/A       100%        5
 Manifold Assault         Tloc           25%        N/A       100%        5
 Yara's Violent Unravell  Hex/Tmut       12%        3d7       100%        5
 Invisibility             Hex            12%        N/A       100%        6
 Statue Form              Tmut/Erth      16%        N/A       100%        6
 Storm Form               Tmut/Air       12%        N/A       100%        7
 Discord                  Hex            12%        N/A       100%        8


Dungeon Overview and Level Annotations

Branches:
Dungeon (9/15)             Temple (0/1) D:5            Lair (3/6) D:8
  Swamp (1/4) Lair:3        Sewer (visited)
  Snake: Lair:2-4    Spider: Lair:2-4       Orc: D:9-12

Altars:
Okawaru
Wu Jian
The Shining One

Shops:
D:5 (   D:7 *   D:8 =


Innate Abilities, Weirdness & Mutations

You have very sharp teeth.
Your uncanny sense of smell can sniff out nearby items.
Your experience applies equally to all skills.


Message History

The bunyip claws you!
* * * LOW HITPOINT WARNING * * *
You blink.
The vampire mosquito bites you but does no damage.
Blink to where?
Press: ? - help, Dir - move target
As you read the scroll of blinking {blink}, it crumbles to dust.
You hear the loud crackling of a very distant melting archway.
Found a stone staircase leading down.
You sock the vampire mosquito!
Flame seeps out of the vampire mosquito.
The vampire mosquito is moderately damaged.
Your +3 spectral quarterstaff hits the vampire mosquito!
Flame seeps out of the vampire mosquito.
The vampire mosquito is engulfed in blazing flames.
Flame seeps out of the vampire mosquito.
The vampire mosquito bites you but does no damage.
The vampire mosquito is engulfed in blazing flames.
Okawaru accepts your kill. Okawaru grants you a weapon!
Something appears at your feet!
You see here the +10 triple crossbow of Ragnarok {elec, rPois Int+6}.
The vampire mosquito explodes!
The fiery explosion engulfs the vampire mosquito!!!
Okawaru accepts your kill.
The fiery explosion engulfs the vampire mosquito!!
Okawaru accepts your kill. The fiery explosion engulfs you! You resist.
* * * LOW HITPOINT WARNING * * *
The vampire mosquito explodes! x2
The bunyip is engulfed in blazing flames.
Flame seeps out of the bunyip.
A bunyip is nearby!
The bunyip is engulfed in blazing flames.
Flame seeps out of the bunyip.
The bunyip claws you!
* * * LOW HITPOINT WARNING * * *
The bunyip claws you but does no damage.
The bunyip claws you!!
You die...

#P#.###
......#####......#...
........##...........
.§§.....#..........>.
..†§..............P.
§§§...............#
#§.§..............#
##§...............#
#§.§.......§§§.x@.##
####§§....§§.).....#
#......§§§§....##
##.....§§....#.#
#P.†........#### #
###..##......#
###....##P....##
........##....#
..<....#.#.....#


You could see a bunyip (inner flame).

Vanquished Creatures
  3 hydras
  A two-headed ogre (D:8)
  3 death yaks
  Pikel (D:6)
  3 elephants (Lair:3)
  Joseph (D:7)
  A black mamba (Lair:3)
  4 centaur zombies
  6 cane toads
  2 rime drakes
  A kobold demonologist (D:8)
  2 komodo dragons
  A troll (D:9)
  Grinder (D:4)
  A hornet (D:8)
  10 blink frogs (Lair:1)
  11 yaks
  A wyvern (Lair:2)
  A basilisk (Lair:3)
  A steam dragon (D:9)
  4 vampire mosquitoes (Lair:3)
  3 swamp worms (Lair:2)
  3 water moccasins
  3 ice beasts
  2 black bears
  An orc warrior (D:7)
  A necrophage (D:5)
  2 ogres (D:5)
  6 wolves (Lair:2)
  2 centaurs
  A lemure (D:6)
  4 kobold brigands
  7 bullfrogs
  A gnoll sergeant (D:8)
  3 scorpions
  A water moccasin zombie (D:5)
  A wyvern skeleton (D:5)
  A water moccasin skeleton (D:5)
  A killer bee (D:7)
  A howler monkey (D:6)
  4 hounds
  6 jellies
  3 gnoll shamans
  2 orc priests
  4 bullfrog skeletons
  3 centaur skeletons (D:7)
  Jessica (D:2)
  Natasha (thrice) (D:2)
  An iguana (D:7)
  4 orc wizards
  Robin (D:4)
  15 gnolls
  10 adders
  4 shadow imps
  4 white imps
  An ufetubus (D:7)
  2 worms
  19 orcs
  5 bats
  9 endoplasms
  9 giant cockroaches
  15 goblins
  8 hobgoblins
  4 quokkas
  12 ball pythons
  2 frilled lizards
  A goblin skeleton (D:6)
  2 goblin zombies (D:6)
  2 hobgoblin zombies (D:6)
  23 kobolds
  2 kobold skeletons (D:6)
  A kobold zombie (D:6)
  An orc skeleton (D:6)
  5 rats
291 creatures vanquished.

Vanquished Creatures (others)
  A fungus (Lair:3)
  8 plants
9 creatures vanquished.

Grand Total: 300 creatures vanquished

Notes
Turn   | Place    | Note
-------+----------+-------------------------------------------
     0 | D:1      | croobank the Gnoll Monk began the quest for the Orb.
     0 | D:1      | Reached XP level 1. HP: 23/23 MP: 1/1
   202 | D:1      | Reached XP level 2. HP: 29/29 MP: 2/2
   785 | D:2      | Reached XP level 3. HP: 23/35 MP: 1/3
   810 | D:2      | Reached skill level 1 in Short Blades
   810 | D:2      | Reached skill level 1 in Axes
   810 | D:2      | Reached skill level 1 in Maces & Flails
   810 | D:2      | Reached skill level 1 in Polearms
   810 | D:2      | Reached skill level 1 in Staves
   810 | D:2      | Reached skill level 1 in Slings
   810 | D:2      | Reached skill level 1 in Bows
   810 | D:2      | Reached skill level 1 in Crossbows
   810 | D:2      | Reached skill level 1 in Throwing
   810 | D:2      | Reached skill level 1 in Armour
   810 | D:2      | Reached skill level 1 in Shields
   810 | D:2      | Reached skill level 1 in Unarmed Combat
   810 | D:2      | Reached skill level 1 in Spellcasting
   810 | D:2      | Reached skill level 1 in Invocations
   810 | D:2      | Reached skill level 1 in Evocations
   813 | D:2      | Reached XP level 4. HP: 24/41 MP: 3/5
  1165 | D:2      | Found a faded altar of an unknown god.
  1176 | D:2      | Became a worshipper of Warmaster Okawaru
  1176 | D:2      | Reached * piety under Okawaru
  1176 | D:2      | Reached ** piety under Okawaru
  1234 | D:2      | Noticed Jessica
  1251 | D:2      | Killed Jessica
  1252 | D:2      | Reached skill level 1 in Conjurations
  1252 | D:2      | Reached skill level 1 in Hexes
  1252 | D:2      | Reached skill level 1 in Summonings
  1252 | D:2      | Reached skill level 1 in Necromancy
  1252 | D:2      | Reached skill level 1 in Translocations
  1252 | D:2      | Reached skill level 1 in Transmutations
  1252 | D:2      | Reached skill level 1 in Fire Magic
  1252 | D:2      | Reached skill level 1 in Ice Magic
  1252 | D:2      | Reached skill level 1 in Air Magic
  1252 | D:2      | Reached skill level 1 in Earth Magic
  1252 | D:2      | Reached skill level 1 in Poison Magic
  1351 | D:2      | Noticed Natasha
  1371 | D:2      | Killed Natasha
  1371 | D:2      | Reached *** piety under Okawaru
  1372 | D:2      | Reached XP level 5. HP: 47/47 MP: 5/7
  1381 | D:2      | Noticed Natasha
  1392 | D:2      | Killed Natasha
  1394 | D:2      | Noticed Natasha
  1406 | D:2      | Killed Natasha
  2048 | D:2      | Reached skill level 5 in Invocations
  2048 | D:2      | Reached XP level 6. HP: 56/56 MP: 7/12
  2613 | D:4      | Reached XP level 7. HP: 40/62 MP: 6/13
  3496 | D:4      | Noticed Robin
  3512 | D:4      | Killed Robin
  3676 | D:4      | Noticed Grinder
  3678 | D:4      | Paralysed by Grinder for 6 turns
  3688 | D:4      | Paralysed by Grinder for 4 turns
  3709 | D:4      | Paralysed by Grinder for 5 turns
  3723 | D:4      | Paralysed by Grinder for 3 turns
  3734 | D:4      | Killed Grinder
  4349 | D:5      | Entered Level 5 of the Dungeon
  4375 | D:5      | Reached XP level 8. HP: 63/68 MP: 15/15
  4491 | D:5      | Reached skill level 5 in Conjurations
  4491 | D:5      | Reached skill level 5 in Hexes
  4491 | D:5      | Reached skill level 5 in Summonings
  4491 | D:5      | Reached skill level 5 in Necromancy
  4491 | D:5      | Reached skill level 5 in Translocations
  4491 | D:5      | Reached skill level 5 in Transmutations
  4491 | D:5      | Reached skill level 5 in Fire Magic
  4491 | D:5      | Reached skill level 5 in Ice Magic
  4491 | D:5      | Reached skill level 5 in Air Magic
  4491 | D:5      | Reached skill level 5 in Earth Magic
  4491 | D:5      | Reached skill level 5 in Poison Magic
  4491 | D:5      | Reached XP level 9. HP: 76/76 MP: 15/18
  4520 | D:5      | Found Ziraydd's Antique Weapon Shop.
  4586 | D:5      | Reached **** piety under Okawaru
  4689 | D:5      | Found a staircase to the Ecumenical Temple.
  4726 | D:5      | You fall into a shaft and drop 3 floors!
  4750 | D:8      | Received a gift from Okawaru
  4914 | D:8      | Found a staircase to the Lair.
  5046 | D:8      | Noticed a hornet
  5174 | D:7      | Received a gift from Okawaru
  5188 | D:7      | Found an ornate altar of the Wu Jian Council.
  5548 | D:8      | Noticed a two-headed ogre
  5548 | D:8      | Found Tarrag's Jewellery Shoppe.
  5596 | D:7      | Noticed Joseph
  5730 | D:6      | Found a glowing drain.
  5760 | Sewer    | Entered a sewer
  6154 | Sewer    | Reached XP level 10. HP: 82/83 MP: 18/20
  6497 | D:6      | Reached XP level 11. HP: 82/89 MP: 20/21
  6565 | D:6      | Learned a level 5 spell: Freezing Cloud
  6637 | D:6      | Noticed Pikel
  6664 | D:6      | Killed Pikel
  6664 | D:6      | Reached ***** piety under Okawaru
  8216 | D:6      | Found a glowing golden altar of the Shining One.
  8489 | D:7      | Found Resitagokao's Retail Resort.
  8617 | D:7      | Killed Joseph
  8617 | D:7      | Received a gift from Okawaru
  9447 | D:8      | Received a gift from Okawaru
 10249 | D:8      | Paralysed by a hornet for 1 turns
 11743 | D:8      | Killed a two-headed ogre
 12152 | D:9      | Reached skill level 10 in Fighting
 12152 | D:9      | Reached skill level 10 in Long Blades
 12152 | D:9      | Reached skill level 10 in Dodging
 12467 | D:8      | Bought the ring of Jipnipt {+Blink rPois rN+ Str+2} for 466
                  | gold pieces
 12486 | Lair:1   | Entered Level 1 of the Lair of Beasts
 12843 | Lair:1   | Reached XP level 12. HP: 95/97 MP: 23/23
 13021 | Lair:1   | Noticed a seven-headed hydra
 13045 | Lair:1   | Killed a seven-headed hydra
 13045 | Lair:1   | Received a gift from Okawaru
 13822 | Lair:1   | Noticed a four-headed hydra
 13837 | Lair:1   | Killed a four-headed hydra
 15055 | Lair:2   | Noticed a four-headed hydra
 15058 | Lair:2   | Killed a four-headed hydra
 15058 | Lair:2   | Received a gift from Okawaru
 15494 | Lair:3   | Identified the +5 leather armour "Tuprips" {Fly rC- Regen+}
 15518 | Lair:3   | Noticed a death yak
 15573 | Lair:3   | Noticed a death yak
 15575 | Lair:3   | Noticed a death yak
 15575 | Lair:3   | Noticed a death yak
 15597 | Lair:3   | Killed a death yak
 15597 | Lair:3   | Reached ****** piety under Okawaru
 15597 | Lair:3   | Received a gift from Okawaru
 15620 | Lair:2   | Killed a death yak
 15630 | Lair:2   | Killed a death yak
 15631 | Lair:2   | Reached XP level 13. HP: 45/104 MP: 10/25
 15884 | Lair:3   | Found a staircase to the Swamp.
 15973 | Swamp:1  | Entered Level 1 of the Swamp
 15973 | Swamp:1  | Noticed a bunyip
 16057 | Lair:3   | Identified the +10 triple crossbow of Ragnarok {elec, rPois
                  | Int+6} (Okawaru gifted it to you on level 3 of the Lair of
                  | Beasts)
 16057 | Lair:3   | Received a gift from Okawaru
 16061 | Lair:3   | Slain by a bunyip

Illustrated notes

Levels and vault maps discovered:
D:1:      nicolae_arrival_memento_mori, layout_rooms,
          chequers_serial_rivers_micro_c
D:2:      layout_loops_corners, hellmonk_ecumenical_altar_leap_of_faith,
          serial_bayou_pond_e, grunt_ministairs_2, minmay_tetromino_s4,
          uniq_jessica, uniq_natasha
D:3:      layout_rooms, serial_glass, glass_columns_c, glass_columns_b,
          glass_columns_a, glass_columns_a, glass_columns_c, glass_columns_c,
          due_unseen_surprise
D:4:      layout_basic, chequers_serial_rivers_large_b, uniq_robin, uniq_grinder
D:5:      layout_loops_ring, minmay_temple_entry_glass, serial_shops,
          shop_fountains, minmay_divided_ellipse
D:6:      layout_rooms, nicolae_tso_besieged_by_evil, portal_sewer_entry_f,
          uniq_pikel
D:7:      layout_cave_pods, nrook_pool_corridor, nicolae_alphabet_shops,
          minmay_ruined_shrine, uniq_joseph
D:8:      layout_basic, lair_entry_dummy, serial_shops, nicolae_shop_crystal
D:9:      minmay_cornered_nines, layout_stronghold, kennysheep_path_1
Lair:1:   layout_long_grid
Lair:2:   layout_cave_pods, worms_lemuel
Lair:3:   layout_gridlike, swamp_mist, portal_ice_cave_entry_ice_simulacra
Swamp:1:  layout_basic_swamp, nicolae_swamp_trees_clearing, uniq_roxanne

Skill      XL: |  1  2  3  4  5  6  7  8  9 10 11 12 13 |
---------------+----------------------------------------+-----
Short Blades   | 1 4 6 7 8 |  8.4
Axes           | 1 4 6 7 8 |  8.4
Maces & Flails | 1 4 6 7 8 |  8.4
Polearms       | 1 4 6 7 8 |  8.4
Staves         | 1 4 6 7 8 |  8.4
Slings         | 1 4 6 7 8 |  8.4
Bows           | 1 4 6 7 8 |  8.4
Crossbows      | 1 4 6 7 8 |  8.4
Throwing       | 1 4 6 7 8 |  8.4
Armour         | 1 4 6 7 8 |  8.4
Shields        | 1 4 6 7 8 |  8.4
Unarmed Combat | 1 4 6 7 8 |  8.4
Spellcasting   | 1 4 6 7 8 |  8.4
Invocations    | 1 5 6 7 8 9 |  9.2
Evocations     | 1 4 6 7 8 |  8.4
Conjurations   | 1 3 4 5 6 7 |  7.0
Hexes          | 1 3 4 5 6 7 |  7.0
Summonings     | 1 3 4 5 6 7 |  7.0
Necromancy     | 1 3 4 5 6 7 |  7.0
Translocations | 1 3 4 5 6 7 |  7.0
Transmutations | 1 3 4 5 6 7 |  7.0
Fire Magic     | 1 3 4 5 6 7 |  7.0
Ice Magic      | 1 3 4 5 6 7 |  7.0
Air Magic      | 1 3 4 5 6 7 |  7.0
Earth Magic    | 1 3 4 5 6 7 |  7.0
Poison Magic   | 1 3 4 5 6 7 |  7.0
Fighting       | 8 9 10 | 10.6
Long Blades    | 8 9 10 | 10.6
Dodging        | 8 9 10 | 10.6
Stealth        | 6 7 8 9 |  9.4

Action                   |  1- 3 |  4- 6 |  7- 9 | 10-12 | 13-15 || total
-------------------------+-------+-------+-------+-------+-------++-------
Melee: Falchion          |    57 |   144 |   414 |   616 |       ||  1231
       Bite              |     6 |    15 |    53 |   157 |     3 ||   234
       Punch             |     1 |     2 |    12 |    38 |       ||    53
       Hand axe          |       |       |       |   131 |       ||   131
       Quarterstaff      |       |       |       |   178 |    21 ||   199
       Short sword       |       |       |       |    19 |       ||    19
Throw: Stone             |       |       |     1 |       |       ||     1
       Throwing net      |       |       |       |     1 |       ||     1
 Cast: Freezing Cloud    |       |       |       |     1 |       ||     1
Invok: Finesse           |       |       |       |     1 |       ||     1
       Heroism           |       |       |       |     1 |       ||     1
 Abil: Evoke Blink       |       |       |       |     1 |     1 ||     2
Evoke: Wand              |       |       |       |     5 |       ||     5
  Use: Potion            |       |     1 |     4 |     4 |       ||     9
       Scroll            |       |     1 |     1 |    10 |     2 ||    14
 Stab: Sleeping          |     8 |     6 |    14 |    11 |       ||    39
       Distracted        |       |       |       |     4 |     1 ||     5
       Paralysed         |       |       |       |     2 |       ||     2
Armor: Robe              |     5 |       |       |       |       ||     5
       Ring mail         |       |    38 |   145 |   294 |       ||   477
       Plate armour      |       |       |       |    40 |    35 ||    75
Dodge: Dodged            |    36 |    86 |   247 |   584 |    19 ||   972
       Rpst.: Falchion   |    11 |    23 |    60 |    91 |       ||   185
